 Dungeon Sprint DCSS version 0.23.0 (webtiles) character file.

Game seed: 9306211664567623594

34400000 sanboga the Ninja (level 27, -37/149 HPs)
             Began as a Felid Monk on Feb 11, 2019.
             Was the Champion of Makhleb.
             Annihilated by a large bag of meat
             ... wielding a +9 giant spiked club
              (74 damage)
             ... in the Dungeon (Sprint VIII: "Arena of Blood").
             The game lasted 00:05:34 (344 turns).

sanboga the Ninja (Felid Monk)                       Turns: 344, Time: 00:05:35

Health: -37/149    AC:  3    Str:  8    XL:     27
Magic:  55/55      EV: 45    Int: 12    God:    Makhleb [******]
Gold:   0          SH:  0    Dex: 30    Spells: 80/80 levels left
                                        Lives:  0   Deaths: 4

rFire    + . .     SeeInvis +     - Unarmed
rCold    + . .     Gourm    .   (shield unavailable)
rNeg     . . .     Faith    .   (armour unavailable)
rPois    .         Spirit   .   (helmet unavailable)
rElec    .         Reflect  .   (cloak unavailable)
rCorr    .         Harm     .   (gloves unavailable)
MR       ++++.     NoTele   +   (boots unavailable)
Stlth    ++++......             (no amulet)
HPRegen  0.34/turn              h - +27000 ring of slaying
MPRegen  0.34/turn              g - ring of protection from fire

@: quick
A: very small, no armour, no weapons or thrown items, stealth, claws 1, fangs 3,
see invisible, carnivore, speed 1, shaggy fur 3, slow metabolism 1, sharp paws
0: Orb of Zot
a: Minor Destruction, Lesser Servant of Makhleb, Major Destruction, Greater
Servant of Makhleb, Renounce Religion


You were in the Dungeon.
You worshipped Makhleb.
Makhleb was exalted by your worship.
You were not hungry.

You visited 1 branch

Inventory:

Jewellery
 g - a ring of protection from fire (right paw)
 h - a +27000 ring of slaying (left paw)
 i - a +30 ring of slaying
 j - a +30 ring of slaying
 k - a +30 ring of slaying
 l - a +30 ring of slaying
 m - a +30 ring of slaying
 n - a +30 ring of slaying
 o - a +30 ring of slaying
Potions
 b - a potion of curing
 c - a potion of heal wounds
 d - a potion of haste
 e - 2 potions of magic
 f - a potion of berserk rage
Comestibles
 a - a ration


   Skills:
 O Level 27 Fighting
 O Level 27 Dodging
 O Level 27 Stealth
 O Level 27 Unarmed Combat
 O Level 27 Spellcasting
 O Level 27 Conjurations
 O Level 27 Hexes
 O Level 27 Charms
 O Level 27 Summonings
 O Level 27 Necromancy
 O Level 27 Translocations
 O Level 27 Transmutations
 O Level 27 Fire Magic
 O Level 27 Ice Magic
 O Level 27 Air Magic
 O Level 27 Earth Magic
 O Level 27 Poison Magic
 O Level 27 Invocations
 O Level 27 Evocations


You had 80 spell levels left.
You didn't know any spells.
Your spell library was empty.

Dungeon Overview and Level Annotations

Branches:
Dungeon (1/1)

Altars:
Makhleb


Innate Abilities, Weirdness & Mutations

You cannot wear armour.
You are incapable of wielding weapons or throwing items.
Your paws allow you to move quietly. (Stealth)
You have sharp claws.
You have razor-sharp teeth.
You have supernaturally acute eyesight. (SInv)
You are carnivorous and can eat meat at any time.
You cover ground quickly.
Your thick and shaggy fur keeps you warm. (AC +3, rC+)
You have a slow metabolism.
Your sharp claws are effective at attacking unaware monsters.


Message History

Makhleb accepts your kill.
You feel better.
You hear a shout! x2
The bag of meat barely misses you.
You hear a shout! x2
Items here: )) == a +9 war axe; a +30 ring of slaying; a +9 war axe; a +30 ring of slaying You hear a shout! x2
You hear a shout!
A bag of meat comes into view. It is wielding a +9 war axe.
You hear a shout! x4
The bag of meat moves out of view.
Items here: )))))))) ======== ††††† A meat berserker comes into view.
It is wielding a +9 battleaxe.
The meat berserker shouts!
You hear a shout! x2
The large bag of meat hits you with a +9 giant spiked club!!!!
Ouch! That really hurt!
* * * LOW HITPOINT WARNING * * *
The large bag of meat hits you with a +9 giant spiked club!!!!
You die...

......#........#.......#
..o......#.....#.......#
...)..#......###.......###.
.#.†..............###......
☼##.......#........_.......
§.#.....#....)).#.....#....
...###...)....))#_.<._# . .
..##....#......)#...)†#.
.#......%.#.oo)O@.._o...o....
.#...........O.)..###.......O
..........%.o###.......###o..
..........%..o.#.......# o.
.........))o..O#.......#
......#..o)...........O.
.....#.#)#...............
......#o#...%...........
##...#)#.#.............


You could see a large bag of meat (inner flame), 2 meat berserkers and 4 bags of
meat.

Vanquished Creatures
  Dispater (D)
  95 orcs (D)
  A ball lightning (D)
  4 vampire knights (D)
  19 ogres (D)
  5 two-headed ogres (D)
125 creatures vanquished.

Vanquished Creatures (others)
  11 ball lightnings (D)
11 creatures vanquished.

Grand Total: 136 creatures vanquished

Notes
Turn   | Place    | Note
-------+----------+-------------------------------------------
     0 | D        | sanboga the Felid Monk began the quest for the Orb.
     0 | D        | Reached XP level 1. HP: 10/10 MP: 2/2
     4 | D        | Became a worshipper of Makhleb the Destroyer
     4 | D        | Reached * piety under Makhleb
     4 | D        | Reached ** piety under Makhleb
     6 | D        | Noticed a bag of meat
     6 | D        | Noticed a bag of meat
     6 | D        | Noticed a bag of meat
     7 | D        | Noticed a bag of meat
     8 | D        | Noticed a bag of meat
    10 | D        | Killed a bag of meat
    10 | D        | Reached XP level 2. HP: 25/25 MP: 3/3
    10 | D        | Reached XP level 3. HP: 29/29 MP: 4/4
    10 | D        | Reached XP level 4. HP: 33/33 MP: 5/5
    10 | D        | Reached XP level 5. HP: 37/37 MP: 6/6
    10 | D        | Gained mutation: You are covered in thick fur. (AC +2)
                  | [Felid growth]
    10 | D        | Reached XP level 6. HP: 41/41 MP: 7/7
    10 | D        | Reached XP level 7. HP: 45/45 MP: 8/8
    10 | D        | Reached XP level 8. HP: 49/49 MP: 9/9
    10 | D        | Reached XP level 9. HP: 52/52 MP: 10/10
    10 | D        | Reached XP level 10. HP: 57/57 MP: 11/11
    10 | D        | Reached XP level 11. HP: 60/60 MP: 12/12
    10 | D        | Noticed a meat berserker
    10 | D        | Noticed a bag of meat
    12 | D        | Killed a bag of meat
    12 | D        | Gained mutation: Your thick and shaggy fur keeps you warm.
                  | (AC +3, rC+) [Felid growth]
    12 | D        | Reached XP level 12. HP: 66/66 MP: 12/23
    14 | D        | Killed a bag of meat
    14 | D        | Reached skill level 10 in Invocations
    14 | D        | Reached XP level 13. HP: 72/72 MP: 12/27
    14 | D        | Noticed a bag of meat
    15 | D        | Noticed a bag of meat
    17 | D        | Noticed a destroyer
    17 | D        | Noticed a bag of meat
    17 | D        | Noticed a bag of meat
    18 | D        | Noticed a bag of meat
    18 | D        | Noticed a meat berserker
    18 | D        | Noticed a meat berserker
    18 | D        | Noticed a bag of meat
    19 | D        | Noticed a bag of meat
    20 | D        | Killed a destroyer
    20 | D        | Reached *** piety under Makhleb
    20 | D        | Reached XP level 14. HP: 69/79 MP: 13/31
    20 | D        | Reached XP level 15. HP: 73/83 MP: 13/32
    20 | D        | HP: 2/83 [meat berserker/+9 battleaxe (71)]
    21 | D        | Noticed a meat berserker
    21 | D        | Noticed a destroyer
    21 | D        | Noticed a meat berserker
    22 | D        | Noticed a meat berserker
    22 | D        | Noticed a meat berserker
    23 | D        | Killed a meat berserker
    23 | D        | Annihilated by a bag of meat
    24 | D        | Reached XP level 14. HP: -31/81 MP: 13/33
    24 | D        | Noticed a meat berserker
    24 | D        | Noticed a bag of meat
    24 | D        | Noticed a bag of meat
    24 | D        | Noticed a bag of meat
    27 | D        | Killed a bag of meat
    27 | D        | Reached skill level 27 in Stealth
    27 | D        | Reached skill level 15 in Spellcasting
    27 | D        | Reached XP level 15. HP: 86/86 MP: 33/35
    29 | D        | Killed a destroyer
    29 | D        | Reached **** piety under Makhleb
    29 | D        | Reached skill level 27 in Dodging
    29 | D        | Reached XP level 16. HP: 94/94 MP: 34/39
    30 | D        | Killed a meat berserker
    31 | D        | Killed a meat berserker
    31 | D        | Reached XP level 17. HP: 102/102 MP: 34/43
    31 | D        | Noticed a meat berserker
    33 | D        | Reached ***** piety under Makhleb
    33 | D        | Reached skill level 27 in Fighting
    33 | D        | Reached skill level 27 in Unarmed Combat
    34 | D        | Killed a meat berserker
    34 | D        | Reached skill level 27 in Invocations
    34 | D        | Reached XP level 18. HP: 109/109 MP: 34/48
    35 | D        | Killed a meat berserker
    35 | D        | Reached skill level 27 in Spellcasting
    36 | D        | Killed a meat berserker
    36 | D        | Reached XP level 19. HP: 113/113 MP: 35/51
    41 | D        | Reached ****** piety under Makhleb
    41 | D        | Reached XP level 20. HP: 118/118 MP: 36/52
    44 | D        | Killed a meat berserker
    46 | D        | Reached XP level 21. HP: 122/122 MP: 36/53
    50 | D        | Reached XP level 22. HP: 127/127 MP: 37/54
    54 | D        | Noticed a large bag of meat
    57 | D        | Reached XP level 23. HP: 131/131 MP: 38/55
    60 | D        | Noticed a large bag of meat
    65 | D        | Reached XP level 24. HP: 136/136 MP: 40/55
    69 | D        | Killed a large bag of meat
    73 | D        | Reached XP level 25. HP: 125/140 MP: 41/55
    75 | D        | Killed a large bag of meat
    76 | D        | HP: 2/140 [bag of meat/+9 war axe (12)]
    82 | D        | Reached XP level 26. HP: 142/145 MP: 43/55
    86 | D        | Noticed a large bag of meat
    92 | D        | Reached XP level 27. HP: 149/149 MP: 44/55
    98 | D        | Killed a large bag of meat
   124 | D        | Reached skill level 27 in Conjurations
   124 | D        | Reached skill level 27 in Hexes
   124 | D        | Reached skill level 27 in Charms
   124 | D        | Reached skill level 27 in Summonings
   124 | D        | Reached skill level 27 in Necromancy
   124 | D        | Reached skill level 27 in Translocations
   124 | D        | Reached skill level 27 in Transmutations
   124 | D        | Reached skill level 27 in Fire Magic
   124 | D        | Reached skill level 27 in Ice Magic
   124 | D        | Reached skill level 27 in Air Magic
   124 | D        | Reached skill level 27 in Earth Magic
   124 | D        | Reached skill level 27 in Poison Magic
   124 | D        | Reached skill level 27 in Evocations
   232 | D        | Noticed a destroyer
   235 | D        | Annihilated by a destroyer
   266 | D        | Noticed a destroyer
   269 | D        | Noticed a large bag of meat
   270 | D        | Killed a destroyer
   283 | D        | Killed a destroyer
   284 | D        | Noticed a large bag of meat
   288 | D        | Noticed The Meatlord
   298 | D        | Killed a large bag of meat
   299 | D        | Annihilated by The Meatlord
   310 | D        | Killed a large bag of meat
   310 | D        | Slain by a bag of meat
   324 | D        | Killed The Meatlord
   325 | D        | Got the Orb of Zot
   338 | D        | Noticed a large bag of meat
   344 | D        | Annihilated by a large bag of meat

Skill      XL: |  1  2  3  4  5  6  7  8  9 10 11 12 13 14 15 16 17 18 19 20 21 22 23 24 25 26 27 |
---------------+----------------------------------------------------------------------------------+-----
Fighting       | 14 16 17 19 21 23 25 27 | 27.0
Dodging        | 18 20 21 23 26 27 | 27.0
Stealth        | 19 21 22 25 27 26 | 27.0
Unarmed Combat | 14 16 17 19 21 23 25 27 | 27.0
Spellcasting   | 7 9 12 15 18 21 25 27 | 27.0
Invocations    | 7 10 14 19 23 27 | 27.0
Conjurations   | 27 | 27.0
Hexes          | 27 | 27.0
Charms         | 27 | 27.0
Summonings     | 27 | 27.0
Necromancy     | 27 | 27.0
Translocations | 27 | 27.0
Transmutations | 27 | 27.0
Fire Magic     | 27 | 27.0
Ice Magic      | 27 | 27.0
Air Magic      | 27 | 27.0
Earth Magic    | 27 | 27.0
Poison Magic   | 27 | 27.0
Evocations     | 27 | 27.0

Action                   |  1- 3 |  4- 6 |  7- 9 | 10-12 | 13-15 | 16-18 | 19-21 | 22-24 | 25-27 || total
-------------------------+-------+-------+-------+-------+-------+-------+-------+-------+-------++-------
Melee: Unarmed           |     1 |       |       |     2 |     4 |     7 |    14 |    22 |    75 ||   125
       Bite              |       |       |       |       |       |       |       |       |     1 ||     1
  Use: Scroll            |       |       |       |       |     1 |       |       |       |       ||     1
Armor: Skin              |       |       |       |       |       |       |       |       |     1 ||     1
Dodge: Dodged            |       |       |       |       |     1 |     2 |     5 |    10 |    31 ||    49
